AoeStats
← SamDT

Arabia

508597065Analyzed
1v1 RM · 10d ago on Sep 23, 2026· 56m 14s· 2 players
Game mode
Random Map
Map size
Tiny (2 player)
Population
200
Speed
Normal
Resources
Standard
Victory
Conquest
Starting age
Dark Age
Ending age
Imperial Age
RankedLock teamsTeams togetherTeam positionsShared explorationLock speedFull tech treeHidden civsTurbo modeCheats
Victory
Defeat
🇦🇷 Sicilians · Argentina
778
+14
🇳🇿 Turks · New Zealand
744
-14
Naitt
3:54 Loom
10:57 Feudal Age
11:25 Double-Bit Axe
16:08 Horse Collar
23:08 Forging
24:21 Bloodlines
25:39 Wheelbarrow
25:29 Scale Mail Armor
25:53 Stone Mining
25:54 Gold Mining
26:35 Scale Barding Armor
29:46 Castle Age
30:02 Fletching
30:41 Bow Saw
30:06 Light Cavalry
32:25 Murder Holes
35:13 Husbandry
35:37 Chain Barding Armor
41:48 Gold Shaft Mining
43:33 Heavy Plow
46:46 Town Watch
49:13 Iron Casting
48:54 Chain Mail Armor
51:09 Hand Cart
53:55 Imperial Age
54:57 Town Patrol
SamDT
12:08 Loom
13:56 Feudal Age
14:07 Feudal Age
15:56 Double-Bit Axe
16:09 Man-at-Arms
21:02 Castle Age
20:14 Gold Mining
21:24 Fletching
26:14 Imperial Age
26:21 Imperial Age
24:57 Bodkin Arrow
47:02 Murder Holes
Connection lost

Rejoining the realm…

Still unreachable

The connection could not be restored.

Session expired

The server has moved on; the page needs a fresh start.